 Dungeon Crawl Stone Soup version 0.26-a0-707-g31817bcca1 (webtiles) character file.

Game seed: 2817450131733516450

101 Gargoyl the Skirmisher (level 4, -4/45 HPs)
             Began as a Gnoll Abyssal Knight on Oct 27, 2020.
             Was a Follower of Lugonu.
             Slain by an orc warrior
             ... wielding a +0 trident
              (10 damage)
             ... on level 3 of the Dungeon.
             The game lasted 00:04:24 (2610 turns).

Gargoyl the Skirmisher (Gnoll Abyssal Knight)       Turns: 2610, Time: 00:04:24

Health: -4/45      AC: 12    Str: 13 (15) XL:     4   Next: 75%
Magic:  7/7        EV:  4    Int: 12 (13) God:    Lugonu [*.....]
Gold:   190        SH:  0    Dex: 12 (14) Spells: 5/5 levels left

rFire    . . .     SeeInvis .   a - +2 hand axe
rCold    + . .     Faith    .   (no shield)
rNeg     . . .     Spirit   .   c - +0 plate armour
rPois    .         Reflect  .   (no helmet)
rElec    .         Harm     .   (no cloak)
rCorr    .         Rampage  .   (no gloves)
MR       .....                  (no boots)
Stlth    ..........             (no amulet)
HPRegen  0.15/turn              p - ring of protection from cold
MPRegen  0.10/turn              l - ring of flight

@: mighty, brilliant, stab, very slightly contaminated, invisible
A: distributed training, fangs 1, blink, dopey 1, robust 1, strong nose
a: Blink, Depart the Abyss, Renounce Religion, Evoke Flight


You were on level 3 of the Dungeon.
You worshipped Lugonu.
Lugonu was aware of your devotion.
You visited 1 branch of the dungeon, and saw 3 of its levels.
You visited the Abyss 1 time.

You collected 190 gold pieces.

Inventory:

Hand Weapons
 a - a +2 hand axe (weapon)
Armour
 c - a +0 plate armour (worn)
Jewellery
 l - a ring of flight (right hand)
 p - a ring of protection from cold (left hand)
Scrolls
 e - a scroll of teleportation
 o - a scroll of identify


   Skills:
 + Level 6.6 Fighting
 + Level 1.2 Short Blades
 + Level 1.2 Long Blades
 + Level 4.7 Axes
 + Level 1.2 Maces & Flails
 + Level 1.2 Polearms
 + Level 1.2 Staves
 + Level 1.2 Slings
 + Level 1.2 Bows
 + Level 1.2 Crossbows
 + Level 1.2 Throwing
 + Level 4.7 Armour
 + Level 2.8 Dodging
 + Level 1.2 Stealth
 + Level 1.2 Shields
 + Level 1.2 Unarmed Combat
 + Level 1.2 Spellcasting
 + Level 1.0 Conjurations
 + Level 1.0 Hexes
 + Level 1.0 Summonings
 + Level 1.0 Necromancy
 + Level 1.0 Translocations
 + Level 1.0 Transmutations
 + Level 1.0 Fire Magic
 + Level 1.0 Ice Magic
 + Level 1.0 Air Magic
 + Level 1.0 Earth Magic
 + Level 1.0 Poison Magic
 + Level 4.7 Invocations
 + Level 1.2 Evocations


You had 5 spell levels left.
You didn't know any spells.
Your spell library was empty.

Dungeon Overview and Level Annotations

Branches:
Dungeon (3/15)

Altars:


Innate Abilities, Weirdness & Mutations

Your experience applies equally to all skills.
You have very sharp teeth.
Your uncanny sense of smell can sniff out nearby items.
You can translocate small distances at will.
You are dopey. (Int -2)
You are robust. (+10% HP)


Message History

The orc warrior hits you but does no damage.
It was a potion of curing.
You feel better.
It was a potion of degeneration.
There was something very wrong with that liquid.
You feel weakened.
You feel dopey.
You feel clumsy. The orc warrior barely misses you.
It was a potion of mutation.
You feel extremely strange.
You feel robust.
You feel stupid.
You feel jittery.
The orc warrior hits you from afar with a +0 trident.
* * * LOW HITPOINT WARNING * * *
Unknown command.
It was a potion of stabbing.
You feel ready to backstab.
You feel less wooden.
Your +0 plate armour unmelds from your body.
The orc warrior hits you from afar with a +0 trident.
* * * LOW HITPOINT WARNING * * *
Unknown command.
The orc warrior hits you but does no damage.
The orc warrior hits you from afar with a +0 trident!
You die...

##.#..##.....#
.............#
.........#...#
##...........#
........r#.###
#.#...##o#... #...
#o##### #.# #)# ...
#@# ### #.# #.#
#.#########
#.##......#
#.##.####.#
#.##.####.##
######(##.##....#
#......##.##.#..#####


You could see an orc warrior, an orc and a rat.

Vanquished Creatures
  3 adders
  2 worms (D:2)
  A dart slug (D:2)
  A leopard gecko (D:1)
  2 orcs (D:3)
  2 ball pythons
  3 giant cockroaches
  4 hobgoblins
  3 jackals (D:2)
  2 quokkas (D:2)
  A bat (D:1)
  3 frilled lizards
  9 goblins
  5 kobolds
  14 rats
55 creatures vanquished.

Vanquished Creatures (others)
  An orc wizard (D:3)
  16 plants (D:2)
17 creatures vanquished.

Grand Total: 72 creatures vanquished

Notes
Turn   | Place    | Note
-------+----------+-------------------------------------------
     0 | Abyss:1  | Gargoyl the Gnoll Abyssal Knight began the quest for the
                  | Orb.
     0 | Abyss:1  | Reached XP level 1. HP: 23/23 MP: 3/3
    43 | Abyss:1  | Found a basalt altar of Yredelemnul.
    71 | Abyss:2  | Noticed a spatial maelstrom
    73 | Abyss:2  | Noticed a spatial vortex
    74 | Abyss:2  | Noticed a spatial vortex
    76 | Abyss:2  | Noticed a spatial vortex
    78 | Abyss:2  | Noticed a spatial vortex
    81 | D:1      | Escaped the Abyss
   277 | D:1      | Reached * piety under Lugonu
   474 | D:1      | Reached XP level 2. HP: 29/29 MP: 5/5
  1192 | D:2      | Reached XP level 3. HP: 35/35 MP: 6/6
  1400 | D:2      | Reached skill level 1 in Short Blades
  1400 | D:2      | Reached skill level 1 in Long Blades
  1400 | D:2      | Reached skill level 1 in Maces & Flails
  1400 | D:2      | Reached skill level 1 in Polearms
  1400 | D:2      | Reached skill level 1 in Staves
  1400 | D:2      | Reached skill level 1 in Slings
  1400 | D:2      | Reached skill level 1 in Bows
  1400 | D:2      | Reached skill level 1 in Crossbows
  1400 | D:2      | Reached skill level 1 in Throwing
  1400 | D:2      | Reached skill level 1 in Stealth
  1400 | D:2      | Reached skill level 1 in Shields
  1400 | D:2      | Reached skill level 1 in Unarmed Combat
  1400 | D:2      | Reached skill level 1 in Spellcasting
  1400 | D:2      | Reached skill level 1 in Evocations
  1647 | D:2      | Reached XP level 4. HP: 39/41 MP: 7/7
  2037 | D:3      | Reached ** piety under Lugonu
  2415 | D:3      | Reached skill level 1 in Conjurations
  2415 | D:3      | Reached skill level 1 in Hexes
  2415 | D:3      | Reached skill level 1 in Summonings
  2415 | D:3      | Reached skill level 1 in Necromancy
  2415 | D:3      | Reached skill level 1 in Translocations
  2415 | D:3      | Reached skill level 1 in Transmutations
  2415 | D:3      | Reached skill level 1 in Fire Magic
  2415 | D:3      | Reached skill level 1 in Ice Magic
  2415 | D:3      | Reached skill level 1 in Air Magic
  2415 | D:3      | Reached skill level 1 in Earth Magic
  2415 | D:3      | Reached skill level 1 in Poison Magic
  2552 | D:3      | Noticed an orc warrior
  2607 | D:3      | Gained mutation: You are robust. (+10% HP) [potion of
                  | mutation]
  2607 | D:3      | Gained mutation: You are dopey. (Int -2) [potion of
                  | mutation]
  2607 | D:3      | Gained mutation: You can translocate small distances at
                  | will. [potion of mutation]
  2610 | D:3      | Slain by an orc warrior

Illustrated notes

Levels and vault maps discovered:
D:1:      wheals_arrival_shading, layout_basic, minmay_misc_feat_alley,
          minmay_tromino_i2
D:2:      layout_basic, serial_bayou_lagoon_a, moated_statue,
          minmay_rat_gold_closets
D:3:      cheibrodos_helix_gallery, layout_basic

Skill      XL: |  1  2  3  4 |
---------------+-------------+-----
Short Blades   | 1 |  1.2
Long Blades    | 1 |  1.2
Maces & Flails | 1 |  1.2
Polearms       | 1 |  1.2
Staves         | 1 |  1.2
Slings         | 1 |  1.2
Bows           | 1 |  1.2
Crossbows      | 1 |  1.2
Throwing       | 1 |  1.2
Stealth        | 1 |  1.2
Shields        | 1 |  1.2
Unarmed Combat | 1 |  1.2
Spellcasting   | 1 |  1.2
Evocations     | 1 |  1.2
Conjurations   | 1 |  1.0
Hexes          | 1 |  1.0
Summonings     | 1 |  1.0
Necromancy     | 1 |  1.0
Translocations | 1 |  1.0
Transmutations | 1 |  1.0
Fire Magic     | 1 |  1.0
Ice Magic      | 1 |  1.0
Air Magic      | 1 |  1.0
Earth Magic    | 1 |  1.0
Poison Magic   | 1 |  1.0
Fighting       | |  6.6
Axes           | |  4.7
Armour         | |  4.7
Dodging        | |  2.8
Invocations    | |  4.7

Action                   |  1- 3 |  4- 6 || total
-------------------------+-------+-------++-------
Melee: Hand axe          |   133 |    51 ||   184
       Bite              |    11 |     5 ||    16
       Punch             |       |     1 ||     1
Throw: Dart              |       |     7 ||     7
Invok: Depart the Abyss  |     1 |       ||     1
  Use: Scroll            |     5 |     2 ||     7
       Potion            |       |     9 ||     9
Armor: Plate armour      |    89 |    56 ||   145
       Skin              |       |    27 ||    27
Dodge: Dodged            |    41 |    22 ||    63

Table legend: (Time is in decaauts)
 A = Elapsed time spent in this place.
 B = Non-inter-level travel time spent in this place.
 C = Inter-level travel time spent in this place.
 D = Time resting spent in this place.
 E = Time spent auto-exploring this place.
 F = Levels seen in this place.
 G = Mean time per level.
                   A        B        C        D        E       F      G
               +--------+--------+--------+--------+--------+-----+--------+
         Total |   2622 |   2575 |     47 |      0 |   2014 |   5 |  524.4 |
       Dungeon |   2541 |   2494 |     47 |      0 |   1965 |   3 |  847.0 |
         Abyss |     80 |     80 |      0 |      0 |     49 |   2 |   40.0 |
               +--------+--------+--------+--------+--------+-----+--------+

Top non-repeatable levels by time:
     D:2: 972 daAuts
     D:1: 969 daAuts
     D:3: 599 daAuts
 Abyss:1: 46 daAuts
 Abyss:2: 34 daAuts
